 Dungeon Crawl Stone Soup version 0.30-a0-223-gcb0039aa0c (webtiles) character file.

Game seed: 2913531420789080202

606 qw the Chopper (level 7, -1/43 HPs)
             Began as a Gargoyle Fighter on Oct 9, 2022.
             Slain by a two-headed ogre
             ... wielding a +0 giant club
              (12 damage)
             ... on level 5 of the Dungeon.
             The game lasted 00:01:24 (3794 turns).

qw the Chopper (Gargoyle Fighter)                   Turns: 3794, Time: 00:01:24

Health: -1/43      AC: 16    Str: 21    XL:     7   Next: 42%
Magic:  7/7        EV:  7    Int:  9    God:
Gold:   253        SH:  4    Dex:  9    Spells: 6/6 levels left

rFire   . . .      SeeInvis +    Y - +1 war axe
rCold   . . .      Faith    .    c - +0 buckler
rNeg    + . .      Spirit   .    e - +0 chain mail
rPois   inf        Reflect  .    (no helmet)
rElec   +          Harm     .    (no cloak)
rCorr   .          Rampage  .    b - +1 pair of gloves
Will    .....                    (no boots)
Stlth   ..........               (no amulet)
HPRegen 0.27/turn                k - ring of see invisible
MPRegen 0.10/turn                (no ring)

@: no status effects
A: sickness immunity, AC +4, negative energy resistance 1, electricity
resistance, torment resistance 1, petrification resistance
a: no special abilities


You were on level 5 of the Dungeon.
You visited 1 branch of the dungeon, and saw 5 of its levels.

You collected 253 gold pieces.


Innate Abilities, Weirdness & Mutations

You are immune to sickness and miasma.
Your stone body is resilient. (AC +4)
You are immune to poison.
You resist negative energy. (rN+)
You are resistant to electric shocks. (rElec)
You are resistant to unholy torment.
You are immune to petrification.


   Skills:
 - Level 4.3 Fighting
 + Level 6.7 Axes
 - Level 3.2 Armour
 - Level 1.0 Dodging
 - Level 3.2 Shields


You had 6 spell levels left.
You didn't know any spells.
Your spell library was empty.

Inventory:

Hand Weapons
 i - a +0 morningstar
 Y - a +1 war axe (weapon)
Missiles
 l - 2 boomerangs (quivered)
Armour
 b - a +1 pair of gloves (worn)
 c - a +0 buckler (worn)
 e - a +0 chain mail (worn)
Jewellery
 k - a ring of see invisible (left hand)
 m - a ring of wizardry
 n - a ring of fire
Scrolls
 g - 2 scrolls of identify
 j - a scroll of magic mapping {unknown}
Potions
 a - a potion of haste
 d - a potion of might
 f - 2 potions of mutation {unknown}
 h - 3 potions of curing
 o - 2 potions of degeneration {unknown}
 p - a potion of invisibility {unknown}

Dungeon Overview and Level Annotations

Branches:
Dungeon (5/15)
 Temple: D:4-7

Altars:
Elyvilon
Kikubaaqudgha
Makhleb
Nemelex Xobeh
Sif Muna


Message History

Found a sparkling altar of Nemelex Xobeh.
There is an open door here.
Enter note:
Enter note:
There is a shaft here.
There is a shaft here.
There is an open door here.
A scorpion comes into view.
Enter note: Throw: 2 boomerangs
Press: ? - help, Q - select action Shift-Dir - straight line, f - scorpion You throw a boomerang.
The boomerang barely misses the scorpion.
You hit the scorpion.
The scorpion is lightly wounded.
You block the scorpion's attack.
You slash the scorpion!
The scorpion is almost dead.
You block the scorpion's attack.
You slash the scorpion!
You kill the scorpion!
You see here a scorpion corpse.
A two-headed ogre comes into view. It is wielding two +0 giant clubs.
Throw: 2 boomerangs
Press: ? - help, Q - select action Shift-Dir - straight line, f - two-headed ogre You throw a boomerang.
The boomerang hits the two-headed ogre but does no damage.
You closely miss the two-headed ogre.
The two-headed ogre hits you with a +0 giant club!
The two-headed ogre hits you but does no damage.
You slash the two-headed ogre!
The two-headed ogre is lightly wounded.
The two-headed ogre hits you with a +0 giant club!!
The two-headed ogre barely misses you.
You slash the two-headed ogre!
The two-headed ogre is heavily wounded.
You hit the two-headed ogre.
The two-headed ogre is heavily wounded.
The two-headed ogre hits you with a +0 giant club!
You die...

#..............
#.############.
#.# #. #.# #.
#.# #. #.# #.
#.# #. #####.#
#. #.@.%.#
#O##### #. #.
.. ##


You could see a two-headed ogre.

Vanquished Creatures
  A black bear (D:5)
  An ogre (D:5)
  3 scorpions
  2 hounds (D:5)
  An orc wizard (D:4)
  6 adders
  2 ufetubi
  A worm (D:2)
  2 dart slugs
  12 orcs
  5 ball pythons
  4 endoplasms
  5 giant cockroaches
  6 goblins
  8 hobgoblins
  11 jackals
  6 kobolds
  3 quokkas
  4 bats (D:3)
  3 frilled lizards
  6 rats
92 creatures vanquished.

Vanquished Creatures (others)
  A withered plant (D:3)
1 creature vanquished.

Grand Total: 93 creatures vanquished

Notes
Turn   | Place    | Note
-------+----------+-------------------------------------------
     0 | D:1      | qw the Gargoyle Fighter began the quest for the Orb.
     0 | D:1      | Reached XP level 1. HP: 14/14 MP: 1/1
     0 | D:1      | 0 ||| qw: Version: 0.2-a-17-g06abaee
     0 | D:1      | 0 ||| qw: Game counter: 2148
     0 | D:1      | 0 ||| qw: Always use a shield: true
     0 | D:1      | 0 ||| qw: God list: Okawaru
     0 | D:1      | 0 ||| qw: Allow faded altars: false
     0 | D:1      | 0 ||| qw: Do Orc after D:15 true
     0 | D:1      | 0 ||| qw: Do second Lair branch before Depths: true
     0 | D:1      | 0 ||| qw: Lair rune preference: random
     0 | D:1      | 0 ||| qw: Plans: Normal, Zot:1-4, God:TSO, Crypt, Tomb,
                  | Pan, Slime:5, Hells, Abyss, Orb
     0 | D:1      | 0 ||| PLANNING D:1-11
    78 | D:1      | Reached skill level 2 in Axes
    79 | D:1      | 79 ||| Stepping ~*~*~tactically~*~*~ (stealth).
   215 | D:1      | Reached XP level 2. HP: 19/19 MP: 2/2
   241 | D:1      | 241 ||| Stepping ~*~*~tactically~*~*~ (hiding).
   359 | D:1      | 359 ||| DROPPING +0 club.
   690 | D:1      | Reached skill level 3 in Axes
   691 | D:1      | 691 ||| UPGRADING to +0 chain mail.
   701 | D:1      | 701 ||| DROPPING +0 scale mail.
   702 | D:1      | 702 ||| READING scroll labelled AKOAXKERHI.
   703 | D:1      | 703 ||| READING 3 scrolls labelled BYALISH EXAD.
   704 | D:1      | 704 ||| READING 2 scrolls labelled SOFOEBLAARA.
   705 | D:1      | 705 ||| READING 2 scrolls of identify.
   705 | D:1      | 705 ||| IDENTIFYING emerald potion
   706 | D:1      | 706 ||| DROPPING scroll of amnesia.
   736 | D:2      | 736 ||| STAIRDANCE
   742 | D:2      | 742 ||| STAIRDANCE
   747 | D:1      | Reached XP level 3. HP: 22/23 MP: 3/3
   750 | D:2      | 750 ||| STAIRDANCE
   810 | D:2      | 810 ||| Stepping ~*~*~tactically~*~*~ (stealth).
   990 | D:2      | 990 ||| Stepping ~*~*~tactically~*~*~ (stealth).
  1007 | D:2      | Reached XP level 4. HP: 25/28 MP: 4/4
  1080 | D:2      | 1080 ||| Stepping ~*~*~tactically~*~*~ (stealth).
  1238 | D:2      | Reached skill level 4 in Axes
  1264 | D:2      | 1264 ||| READING scroll labelled QEWOWE CAJUOGH.
  1265 | D:2      | 1265 ||| READING 2 scrolls labelled LAWNOJ RUIJEMN.
  1266 | D:2      | 1266 ||| READING 2 scrolls labelled UCKIXE TYJESYS.
  1267 | D:2      | 1267 ||| DROPPING scroll of immolation.
  1306 | D:3      | 1306 ||| Stepping ~*~*~tactically~*~*~ (stealth).
  1308 | D:3      | 1308 ||| Stepping ~*~*~tactically~*~*~ (hiding).
  1346 | D:3      | 1346 ||| Stepping ~*~*~tactically~*~*~ (stealth).
  1350 | D:3      | Found a shimmering blue altar of Sif Muna.
  1767 | D:3      | Found an ancient bone altar of Kikubaaqudgha.
  1849 | D:3      | 1849 ||| Stepping ~*~*~tactically~*~*~ (stealth).
  1869 | D:3      | 1869 ||| DROPPING +0 whip.
  1875 | D:3      | 1875 ||| Stepping ~*~*~tactically~*~*~ (stealth).
  1879 | D:3      | 1879 ||| Stepping ~*~*~tactically~*~*~ (stealth).
  1906 | D:3      | 1906 ||| Stepping ~*~*~tactically~*~*~ (stealth).
  2062 | D:3      | 2062 ||| UPGRADING to +0 pair of gloves.
  2067 | D:3      | 2067 ||| READING scroll of enchant armour.
  2067 | D:3      | 2067 ||| ENCHANTING +0 pair of gloves.
  2068 | D:3      | 2068 ||| UPGRADING to ring of see invisible.
  2069 | D:3      | 2069 ||| READING scroll labelled CEUC TICZISOT.
  2074 | D:3      | 2074 ||| READING 2 scrolls of identify.
  2074 | D:3      | 2074 ||| IDENTIFYING pink potion
  2195 | D:4      | Reached XP level 5. HP: 32/32 MP: 5/5
  2214 | D:4      | 2214 ||| Stepping ~*~*~tactically~*~*~ (hiding).
  2216 | D:4      | 2216 ||| Stepping ~*~*~tactically~*~*~ (hiding).
  2766 | D:4      | Reached skill level 5 in Axes
  2790 | D:4      | Reached XP level 6. HP: 37/37 MP: 6/6
  2959 | D:4      | 2959 ||| DROPPING +0 flail.
  3110 | D:5      | Entered Level 5 of the Dungeon
  3335 | D:5      | Reached skill level 6 in Axes
  3454 | D:5      | Reached XP level 7. HP: 43/43 MP: 7/7
  3458 | D:5      | Found a burning altar of Makhleb.
  3461 | D:5      | Found a white marble altar of Elyvilon.
  3595 | D:5      | Reached skill level 1 in Dodging
  3735 | D:5      | Found a sparkling altar of Nemelex Xobeh.
  3789 | D:5      | Noticed a two-headed ogre
  3792 | D:5      | HP: 10/43 [two-headed ogre/+0 giant club (18)]
  3794 | D:5      | Slain by a two-headed ogre

Levels and vault maps discovered:
D:1:      dpeg_arrival_rooms_b, layout_loops_ring, minmay_pentomino_u2
D:2:      layout_basic, kennysheep_generic_room_14
D:3:      layout_loops_cross, kiku_gazebo_garden_becter,
          mainiacjoe_overflow_cross_hatched
D:4:      layout_basic
D:5:      layout_basic, nemelex_spade_bored_becter,
          chequers_temple_overflow_statue_of_worship

Skill      XL: |  1  2  3  4  5  6  7 |
---------------+----------------------+-----
Axes           | 2 3 4 5 6 |  6.7
Fighting       | 4 |  4.3
Dodging        | 1 |  1.0
Armour         | |  3.2
Shields        | |  3.2

Action                   |  1- 3 |  4- 6 |  7- 9 || total
-------------------------+-------+-------+-------++-------
Melee: War axe           |    83 |   177 |    25 ||   285
Throw: Boomerang         |       |     7 |     2 ||     9
  Use: Scroll            |     4 |     6 |       ||    10
Armor: Scale mail        |    11 |       |       ||    11
       Chain mail        |    48 |   105 |    27 ||   180
Dodge: Dodged            |    32 |    53 |     5 ||    90
Block: Buckler           |    14 |    24 |     6 ||    44

Table legend:
 A = Non-vault XP
 B = Vault XP
 C = Vault XP percentage of total XP
 D = Non-vault monster count
 E = Vault monster count
 F = Vault count percentage of total count
                 A         B        C        D         E       F
            +---------+---------+-------+---------+---------+-------
      Total |     860 |       6 |   0.7 |      89 |       3 |   3.3
            +---------+---------+-------+---------+---------+-------
        D:1 |      32 |       4 |  11.1 |      18 |       2 |  10.0
        D:2 |      62 |       2 |   3.1 |      19 |       1 |   5.0
        D:3 |      60 |       0 |   0.0 |      26 |       0 |   0.0
        D:4 |     172 |       0 |   0.0 |      16 |       0 |   0.0
        D:5 |     534 |       0 |   0.0 |      10 |       0 |   0.0
            +---------+---------+-------+---------+---------+-------
